 Dungeon Crawl Stone Soup version 0.30-a0-210-g01b79a254e (webtiles) character file.

Game seed: 17742514252694521506

53 tsouns the Chopper (level 4, -3/35 HPs)
             Began as a Formicid Reaver on Oct 5, 2022.
             Was a Follower of Elyvilon.
             Succumbed to a gnoll's poison
             ... on level 2 of the Dungeon.
             The game lasted 00:03:59 (988 turns).

tsouns the Chopper (Formicid Reaver)                 Turns: 988, Time: 00:03:59

Health: -3/35      AC:  8    Str: 16    XL:     4   Next: 10%
Magic:  7/7        EV:  3    Int: 15    God:    Elyvilon [*.....]
Gold:   56         SH: 11    Dex: 12    Spells: 4/7 levels left

rFire   . . .      SeeInvis +    a - +0 hand axe
rCold   . . .      Faith    .    c - +0 tower shield
rNeg    + . .      Spirit   .    d - +0 chain mail
rPois   .          Reflect  .    (helmet unavailable)
rElec   .          Harm     .    (no cloak)
rCorr   .          Rampage  .    (no gloves)
Will    .....                    (no boots)
Stlth   ..........               (no amulet)
HPRegen 0.25/turn                g - ring of positive energy
MPRegen 0.10/turn                (no ring)

@: lethally poisoned (-3 -> -16), invisible
A: permanent stasis, dig shafts and tunnels, antennae 3, four strong arms
a: Dig, Shaft Self, Renounce Religion, Purification


You were on level 2 of the Dungeon.
You worshipped Elyvilon.
Elyvilon was aware of your devotion.
You visited 1 branch of the dungeon, and saw 2 of its levels.

You collected 56 gold pieces.

Inventory:

Hand Weapons
 a - a +0 hand axe (weapon)
Armour
 b - a +0 leather armour
 c - a +0 tower shield (worn)
 d - a +0 chain mail (worn)
Jewellery
 g - a ring of positive energy (left hand)
Scrolls
 e - a scroll of noise {unknown}
 f - a scroll of blinking {unknown}
 i - a scroll of magic mapping {unknown}


   Skills:
 + Level 3.0 Fighting
 + Level 3.5 Axes
 - Level 1.7 Dodging
 + Level 1.2 Shields
 - Level 2.1 Spellcasting
 - Level 3.0 Conjurations
 - Level 1.0 Necromancy


You had 4 spell levels left.
You knew the following spells:

 Your Spells              Type           Power      Damage    Failure   Level
a - Kiss of Death         Conj/Necr      28%        2d7       100%        1
b - Momentum Strike       Conj/Tloc      12%        3d8       100%        2

Your spell library contained the following spells:

 Spells                   Type           Power      Damage    Failure   Level
 Hailstorm                Conj/Ice       6%         3d4       100%        3
 Summon Guardian Golem    Hex/Summ       1%         N/A       100%        3
 Orb of Destruction       Conj           5%         9d5       100%        7
 Spellforged Servitor     Conj/Summ      3%         N/A       100%        7


Dungeon Overview and Level Annotations

Branches:
Dungeon (2/15)

Altars:
Elyvilon


Innate Abilities, Weirdness & Mutations

You cannot be hasted, slowed, berserked, paralysed or teleported.
You can dig through walls and to a lower floor.
You have a pair of large antennae on your head. (SInv)
Your four strong arms can wield two-handed weapons with a shield.


Message History

The gnoll is lightly wounded.
You block the gnoll's attack.
You hit the gnoll but do no damage.
The gnoll is lightly wounded.
You block the gnoll's attack. The gnoll hits you but does no damage.
You closely miss the gnoll.
The gnoll is lightly wounded.
The gnoll hits you with a +0 flail.
You hit the gnoll.
The gnoll is heavily wounded.
The gnoll hits you with a +0 flail.
You barely miss the gnoll.
The gnoll is heavily wounded.
You block the gnoll's attack. The gnoll hits you with a +0 flail.
* * * LOW HITPOINT WARNING * * *
You hit the gnoll.
The gnoll is severely wounded.
The gnoll hits you with a +0 flail. Elyvilon protects you from harm!
It was a potion of invisibility.
You fade into invisibility!
The gnoll barely misses you.
You hit the gnoll.
You kill the gnoll!
The gnoll hits you with a +0 whip of venom.
* * * LOW HITPOINT WARNING * * *
You are lethally poisoned!
Your Fighting skill increases to level 3!
Your Shields skill increases to level 1!
You have reached level 4!
You feel clever.
You hit the gnoll.
The gnoll is lightly wounded.
* * * LOW HITPOINT WARNING * * *
You feel very sick. The gnoll hits you but does no damage.
You are more poisoned.
You hit the gnoll.
The gnoll is moderately wounded.
You die...

.###.. )...# .....
... ... #.# #g# #.#
#@# #.# ##'## #.#
##...## ###.#
##[....## ##.#.#
##.......#
####....###.........#
....................+
#.................#
##.#.#.##.#.......##


You could see a gnoll (unable to see you).

Vanquished Creatures
  2 gnolls (D:2)
  2 dart slugs (D:1)
  3 ball pythons (D:1)
  4 bats
  3 endoplasms
  A giant cockroach (D:1)
  4 hobgoblins
  A quokka (D:1)
  2 frilled lizards (D:1)
  A goblin (D:1)
  3 kobolds
  5 rats
  A toadstool (D:1)
32 creatures vanquished.

Vanquished Creatures (others)
  3 toadstools (D:1)
3 creatures vanquished.

Grand Total: 35 creatures vanquished

Notes
Turn   | Place    | Note
-------+----------+-------------------------------------------
     0 | D:1      | tsouns the Formicid Reaver began the quest for the Orb.
     0 | D:1      | Reached XP level 1. HP: 16/16 MP: 3/3
    87 | D:1      | Found a faded altar of an unknown god.
   194 | D:1      | Reached XP level 2. HP: 23/23 MP: 5/5
   353 | D:1      | Learned a level 2 spell: Momentum Strike
   363 | D:1      | Reached XP level 3. HP: 26/28 MP: 6/6
   402 | D:1      | Reached skill level 1 in Necromancy
   407 | D:1      | Prayed at the altar of an unknown god.
   407 | D:1      | Became a worshipper of Elyvilon the Healer
   407 | D:1      | Reached * piety under Elyvilon
   984 | D:2      | Elyvilon protects you from harm!
   987 | D:2      | Reached skill level 1 in Shields
   987 | D:2      | Reached XP level 4. HP: 3/35 MP: 7/7
   987 | D:2      | HP: 1/35 [poisoned by a gnoll]
   988 | D:2      | Succumbed to a gnoll's poison

Illustrated notes

Levels and vault maps discovered:
D:1:      ldierk_water_garden, layout_basic,
          shapermc_ecumenical_altar_totnotflames, chequers_decorated_corner,
          hangedman_abyss_or_decor_lesser_grid, minmay_3d_cube
D:2:      layout_loops_corners, uniq_sigmund

Skill      XL: |  1  2  3 |
---------------+----------+-----
Necromancy     | 1 |  1.0
Conjurations   | 3 |  3.0
Fighting       | 3 |  3.0
Shields        | 1 |  1.2
Axes           | |  3.5
Dodging        | |  1.7
Spellcasting   | |  2.1

Action                   |  1- 3 |  4- 6 || total
-------------------------+-------+-------++-------
Melee: Hand axe          |    98 |     2 ||   100
       Punch             |     2 |       ||     2
  Use: Potion            |     1 |       ||     1
Armor: Leather armour    |    13 |       ||    13
       Chain mail        |    13 |     1 ||    14
Dodge: Dodged            |    46 |       ||    46
Block: Tower shield      |    19 |       ||    19

Table legend: (Time is in decaauts)
 A = Elapsed time spent in this place.
 B = Non-inter-level travel time spent in this place.
 C = Inter-level travel time spent in this place.
 D = Time resting spent in this place.
 E = Time spent auto-exploring this place.
 F = Levels seen in this place.
 G = Mean time per level.
                   A        B        C        D        E       F      G
               +--------+--------+--------+--------+--------+-----+--------+
         Total |   1013 |    995 |     18 |      0 |    715 |   2 |  506.5 |
       Dungeon |   1013 |    995 |     18 |      0 |    715 |   2 |  506.5 |
               +--------+--------+--------+--------+--------+-----+--------+

Top non-repeatable levels by time:
     D:1: 870 daAuts
     D:2: 142 daAuts
